[Event "Late-Titled-Tuesday-Blitz-October-03-2023"]
[Site "Chess.com"]
[Date "2023.10.03"]
[Round "1"]
[White "Bauman_Guy"]
[Black "KamilGrycel"]
[Result "1-0"]
[WhiteElo "2876"]
[BlackElo "2457"]
[TimeControl "180+1"]
[EndTime "14:05:23 PDT"]
[Termination "Bauman_Guy won by resignation"]

1. e4 d6 2. d4 Nf6 3. Nc3 c6 4. Nf3 Bg4 5. h3 Bh5 6. g4 Bg6 7. Qe2 e6 8. h4 h5 9. g5 Nfd7 10.
d5 e5 11. Bh3 Be7 12. Be3 cxd5 13. exd5 Na6 14. Nd2 O-O 15. Nde4 Rc8 16. O-O Nb4 17. Rad1 Bxe4 18. Nxe4 Nxc2 19. Qxh5 g6 20. Qh6 Re8 21. Bxd7 Qxd7 22. Nf6+ Bxf6 23. gxf6 Qg4+ 24. Kh2 1-0

[Event "Late-Titled-Tuesday-Blitz-October-03-2023"]
[Site "Chess.com"]
[Date "2023.10.03"]
[Round "1"]
[White "dretch"]
[Black "chessmoo"]
[Result "1-0"]
[WhiteElo "2849"]
[BlackElo "2447"]
[TimeControl "180+1"]
[EndTime "14:05:25 PDT"]
[Termination "dretch won by resignation"]

1. d4 d5 2. c4 c6 3. Nc3 Nf6 4. e3 Bf5 5. Qb3 Qb6 6. Qxb6 axb6 7. cxd5 cxd5 8. Nf3 Nc6 9. Bb5 Bd7 10. Bd2 Nb4 11. Ke2 e6 12. Ne5 Bd6 13. Nxd7 Nxd7 14. Na4 Nc6 15.
Rhc1 Ke7 16. Rc3 Bb4 17. Rxc6 bxc6 18. Bxb4+ c5 19. dxc5 bxc5 20. Nxc5 Nxc5 21. Bxc5+ Kf6 22. a4 Rhc8 23. b4 e5 24. a5 Rcb8 25. Bc6 Rxa5 1-0

[Event "Late-Titled-Tuesday-Blitz-October-03-2023"]
[Site "Chess.com"]
[Date "2023.10.03"]
[Round "1"]
[White "Kosak12"]
[Black "szachmistrz2500"]
[Result "1-0"]
[WhiteElo "2792"]
[BlackElo "2429"]
[TimeControl "180+1"]
[EndTime "14:05:28 PDT"]
[Termination "Kosak12 won by checkmate"]

1. e4 c5 2. Nf3 d6 3. d4 cxd4 4. Nxd4 Nf6 5. Nc3 a6 6. Bg5 e6 7. f4 Be7 8. Qf3 Qc7 9. O-O-O Nbd7 10. g4 b5 11. Bxf6 Nxf6 12. g5 Nd7 13. f5 Bxg5+ 14. Kb1 Ne5 15. Qh5 Qe7 16. Nxe6 Bxe6 17. fxe6 g6 18.
exf7+ Kxf7 19. Qe2 Kg7 20. Nd5 Qd8 21. Bh3 Rf8 22. Rdg1 Bh4 23. Be6 Rf2 24. Qe3 Rf8 25. Rf1 Qg5 26. Qc3 Qg2 27. Bh3 Qxe4 28. Nc7 Rxf1+ 29.
Rxf1 Rb8 30. Ne6+ Kh8 31. Qc7 Rg8 32. b3 Bf2 33. Ng5 Qc6 34. Qxh7# 1-0

[Event "Late-Titled-Tuesday-Blitz-October-03-2023"]
[Site "Chess.com"]
[Date "2023.10.03"]
[Round "1"]
[White "Lion_DL"]
[Black "FairChess_on_YouTube"]
[Result "0-1"]
[WhiteElo "2506"]
[BlackElo "3048"]
[TimeControl "180+1"]
[EndTime "14:05:31 PDT"]
[Termination "FairChess_on_YouTube won by resignation"]

1. d4 Nf6 2. c4 g6 3. h4 a5 4. Nc3 a4 5. e4 a3 6. Be2 d6 7. h5 gxh5 8. Bxh5 Nc6 9. Be3 Rg8 10.
Bf3 e5 11. d5 Nd4 12. Bxd4 exd4 13. Qxd4 Bg7 14. Nge2 axb2 15. Rb1 Ng4 16. Qd1 Ne5 17. Qb3 Nd3+ 18. Kd2 Nxf2 19. Rxh7 Qg5+ 20. Kc2 Qe3 21. Rxb2 Qd3+ 22. Kc1 Bf6 23. Qc2 Qxc4 24. Bh5 Rg7 25. Rh8+ Ke7 26. Rh6 Bg5+ 0-1

[Event "Late-Titled-Tuesday-Blitz-October-03-2023"]
[Site "Chess.com"]
[Date "2023.10.03"]
[Round "1"]
[White "Zq1"]
[Black "Chessnut2018"]
[Result "1-0"]
[WhiteElo "2513"]
[BlackElo "1261"]
[TimeControl "180+1"]
[EndTime "14:05:34 PDT"]
[Termination "Zq1 won on time"]

1. d4 d5 2. c4 e6 3. Nc3 c5 4. cxd5 cxd4 5. Qxd4 exd5 6. Qxd5 Qxd5 7. Nxd5 Bd6 8. Bf4 Bxf4 9. Nxf4 Nf6 10. e3 O-O 11. Nf3 a6 12. Be2 b5 13. O-O Bb7 14. a4 bxa4 15.
Rxa4 Nc6 16. Rfa1 a5 17. Nd4 Nxd4 18. Rxd4 Ba6 19. h3 Bxe2 20. Nxe2 Rfb8 21. Ra2 g6 22. Nc3 Kg7 23. g4 Re8 24. g5 Nh5 25. Rd5 Re6 26. Rdxa5 Rxa5 27. Rxa5 Rb6 28. Rb5 Ra6 29. Kg2 Ra1 30. h4 Rc1 31. Ne4 Rc2 32. Ng3 Nxg3 33. Kxg3 h6 34. Rb8 hxg5 35. hxg5 Rc5 36. f4 f6 37.
Rb7+ Kf8 38. gxf6 1-0

[Event "Late-Titled-Tuesday-Blitz-October-03-2023"]
[Site "Chess.com"]
[Date "2023.10.03"]
[Round "1"]
[White "jup1978"]
[Black "FabianoCaruana"]
[Result "0-1"]
[WhiteElo "2507"]
[BlackElo "3062"]
[TimeControl "180+1"]
[EndTime "14:05:35 PDT"]
[Termination "FabianoCaruana won by resignation"]

1. d4 Nf6 2. Nf3 e6 3. c3 b6 4. e3 Bb7 5. Bd3 d5 6. Qe2 Nbd7 7. Nbd2 Ne4 8. O-O Bd6 9. c4 O-O 10. b3 a5 11. Bb2 a4 12. Bxe4 dxe4 13. Ne5 Re8 14.
Rfd1 Qe7 15. Nxd7 Qxd7 16. c5 Bf8 17. cxb6 cxb6 18. Nc4 Qb5 19. Qc2 Rec8 20. Rdc1 Bd5 21. h3 h6 22. Bc3 Qa6 23. Qb1 b5 24. Ne5 b4 25. Be1 Rxc1 26. Qxc1 axb3 27. Nd7 bxa2 28. Nxf8 Rxf8 29. Bxb4 Rb8 30. Bc3 Qd3 31. Bb2 Qe2 32. Bc3 Kh7 33. Kh2 Qxf2 34. Be1 Qe2 35. Bc3 Rb3 0-1

[Event "Late-Titled-Tuesday-Blitz-October-03-2023"]
[Site "Chess.com"]
[Date "2023.10.03"]
[Round "1"]
[White "JG-17"]
[Black "Oleksandr_Bortnyk"]
[Result "0-1"]
[WhiteElo "2503"]
[BlackElo "3020"]
[TimeControl "180+1"]
[EndTime "14:05:35 PDT"]
[Termination "Oleksandr_Bortnyk won by resignation"]

1. e4 Nf6 2. e5 Nd5 3. d4 d6 4. c4 Nb6 5. f4 dxe5 6. fxe5 Bf5 7. Nf3 e6 8. Nc3 Bb4 9. Be3 c5 10. Be2 Nc6 11. O-O cxd4 12. Nxd4 Bg6 13. Ncb5 O-O 14. Kh1 Nxe5 15. a3 Nexc4 16. Bf4 Bc5 17. Rc1 Nxb2 18. Qb3 Bxd4 19. Bc7 Qd7 20. Bd6 Rfc8 21.
Nxd4 Rxc1 22. Rxc1 Qxd6 23. Qxb2 Qe5 24. Qd2 Rd8 25.
Rd1 Be4 26. Qc3 h6 27. a4 Nd5 28. Qc5 Bxg2+ 0-1

[Event "Late-Titled-Tuesday-Blitz-October-03-2023"]
[Site "Chess.com"]
[Date "2023.10.03"]
[Round "1"]
[White "flukeyNZ"]
[Black "Lady_Nika"]
[Result "0-1"]
[WhiteElo "2146"]
[BlackElo "2538"]
[TimeControl "180+1"]
[EndTime "14:05:36 PDT"]
[Termination "Lady_Nika won by resignation"]

1. d4 d5 2. Nf3 e6 3. c4 f5 4. Nc3 Nf6 5. Bf4 c6 6. e3 Bd6 7. Rc1 O-O 8. Be2 Qe7 9. Bxd6 Qxd6 10.
Ne5 Nbd7 11. cxd5 exd5 12. Nd3 Ne4 13. O-O Ndf6 14. f3 Nxc3 15. Rxc3 Re8 16. Qd2 Be6 17. Ne5 Re7 18. a3 Rf8 19. b4 a6 20. Kh1 Nh5 21.
Rd1 f4 22. e4 Qd8 23. Kg1 g5 24. a4 Rg7 25. b5 axb5 26. axb5 cxb5 27. Rdc1 Nf6 28.
Qc2 dxe4 29. Rd1 exf3 30. Bxf3 g4 31. Be4 Nxe4 32. Qxe4 Bd5 33. Qd3 f3 34. g3 f2+ 35.
Kf1 Bc4 0-1

[Event "Late-Titled-Tuesday-Blitz-October-03-2023"]
[Site "Chess.com"]
[Date "2023.10.03"]
[Round "1"]
[White "jerry_77"]
[Black "Efremov_Vlad"]
[Result "1-0"]
[WhiteElo "2606"]
[BlackElo "2304"]
[TimeControl "180+1"]
[EndTime "14:05:41 PDT"]
[Termination "jerry_77 won by resignation"]

1. e4 c5 2. Nf3 e6 3. Nc3 Nc6 4. d4 cxd4 5. Nxd4 Nf6 6. Ndb5 Bb4 7. Nd6+ Ke7 8. Nxc8+ Rxc8 9. Bd3 Qc7 10. O-O Rhd8 11.
Nb5 Qb8 12. a3 Bc5 13. b4 Bb6 14. c4 d6 15. Bb2 a6 16. Nc3 Ne5 17. Na4 Bc7 18. f4 Nxd3 19. Qxd3 b5 20. cxb5 Qxb5 21. Qxb5 axb5 22. Nc3 Bb6+ 23. Kh1 Bd4 24. Rac1 Bxc3 25. Bxc3 Nxe4 26. Bxg7 Nd2 27. Rfd1 Nc4 28. Rc3 Ra8 29. Rdd3 Rdc8 30. h3 Ra4 31. f5 exf5 32. Rf3 Rca8 33.
Rxf5 Rxa3 34. Rxb5 Rxc3 35. Bxc3 Ke6 36. Rh5 Ra3 37. Bg7 Rb3 38. Rh6+ Ke7 39. Kh2 Rxb4 40. Rxh7 d5 41. Rh8 Rb7 42. Bd4 Rb3 43. h4 Rd3 44. Bc5+ Ke6 45. h5 Ne5 46. Rg8 Rc3 47. h6 Rc4 48. Bf2 Ng4+ 49. Rxg4 Rxg4 50. h7 1-0

[Event "Late-Titled-Tuesday-Blitz-October-03-2023"]
[Site "Chess.com"]
[Date "2023.10.03"]
[Round "1"]
[White "stolencandy13"]
[Black "WilliamAlfaroCaracas"]
[Result "1-0"]
[WhiteElo "2577"]
[BlackElo "2245"]
[TimeControl "180+1"]
[EndTime "14:05:41 PDT"]
[Termination "stolencandy13 won by resignation"]

1. d4 Nf6 2. Bf4 g6 3. Nc3 d5 4. Nf3 Bg7 5. e3 a6 6. Qd2 O-O 7. O-O-O b5 8. Bd3 Bb7 9. h4 h5 10. Ne5 Nfd7 11. g4 Nxe5 12. Bxe5 Bxe5 13. dxe5 hxg4 14.
e6 f5 15. h5 Rf6 16. hxg6 c5 17. e4 f4 18. e5 d4 19. Ne4 Rxg6 20. Qxf4 Qf8 21. Rh8+ 1-0

[Event "Late-Titled-Tuesday-Blitz-October-03-2023"]
[Site "Chess.com"]
[Date "2023.10.03"]
[Round "1"]
[White "ThePeasant98"]
[Black "Chessdreamer2020"]
[Result "0-1"]
[WhiteElo "2187"]
[BlackElo "2549"]
[TimeControl "180+1"]
[EndTime "14:05:42 PDT"]
[Termination "Chessdreamer2020 won by resignation"]

1. d4 d6 2. c4 e5 3. Nf3 e4 4. Ng5 f5 5. Nc3 Be7 6. Nh3 Nf6 7. g3 O-O 8. Bg2 c6 9. d5 Nbd7 10. O-O Ne5 11. b3 a5 12. Bb2 c5 13. Nf4 Bd7 14. a4 Qe8 15. Nb5 Bxb5 16. axb5 Qd7 17.
Ne6 Rfe8 18. Qd2 b6 19. Qf4 g6 20. Bxe5 dxe5 21. Qxe5 Kf7 22. Ng5+ Kg7 23. Ne6+ Kf7 24. Ng5+ Kg8 25. Qe6+ Qxe6 26. Nxe6 Bd6 27. f3 Be5 28. Ra2 Bd4+ 29. Kh1 e3 30. Nxd4 cxd4 31. Rd1 Nd7 32. Rxd4 Nc5 33. Ra3 a4 34. b4 Nb3 35.
Rd3 Nd2 36. Rxe3 Rxe3 37. Rxe3 Nxc4 38. Rc3 a3 39. Rxc4 a2 0-1

[Event "Late-Titled-Tuesday-Blitz-October-03-2023"]
[Site "Chess.com"]
[Date "2023.10.03"]
[Round "1"]
[White "jinxy2009"]
[Black "MKlose11"]
[Result "0-1"]
[WhiteElo "2272"]
[BlackElo "2583"]
[TimeControl "180+1"]
[EndTime "14:05:44 PDT"]
[Termination "MKlose11 won by resignation"]

1. e4 e6 2. d4 d5 3. Nc3 Bb4 4. e5 Ne7 5. Bd2 b6 6. a3 Bxc3 7. Bxc3 Ba6 8. Qg4 Bxf1 9. Kxf1 Ng6 10. Nf3 c5 11. h4 h5 12. Qg3 Nc6 13. Rd1 Rc8 14.
Ng5 Qd7 15. f4 Nge7 16. Qf2 cxd4 17. Bxd4 Nf5 18. Bc3 O-O 19. g4 hxg4 20. h5 g3 21. Qf3 d4 22. Kg2 Qe7 23. Bd2 Nxe5 24. fxe5 Rxc2 25.
Ne4 Rxb2 26. h6 g6 27. Nf6+ Kh8 28. Rh3 Qc7 29. Re1 Rxd2+ 30. Kg1 d3 31. h7 Qc5+ 32. Qe3 0-1

[Event "Late-Titled-Tuesday-Blitz-October-03-2023"]
[Site "Chess.com"]
[Date "2023.10.03"]
[Round "1"]
[White "venturov"]
[Black "rasmussvane"]
[Result "0-1"]
[WhiteElo "2497"]
[BlackElo "2993"]
[TimeControl "180+1"]
[EndTime "14:05:45 PDT"]
[Termination "rasmussvane won by resignation"]

1. Nf3 d5 2. e3 Nf6 3. c4 c6 4.
b3 Bf5 5. Bb2 e6 6. Nc3 Nbd7 7.
Be2 Bd6 8. O-O h6 9. Rc1 O-O 10. cxd5 exd5 11. d3 Qe7 12. h3 Bh7 13. Re1 Nc5 14.
Bf1 Ne6 15. Ne2 Ba3 16. Qd2 Bxb2 17. Qxb2 a5 18. a3 Bxd3 19. Ng3 Bxf1 20. Rxf1 Ng5 21. Nd4 g6 22. b4 axb4 23. axb4 Nge4 24. Nxe4 Nxe4 25.
b5 c5 26. Ne2 b6 27. Nf4 Rfd8 28. Rfd1 Qf6 29. Qe2 Nc3 30. Rxc3 Qxc3 31. Rxd5 Rxd5 32. Nxd5 Ra1+ 33. Kh2 Qe5+ 34. Nf4 g5 35. Qg4 Kh7 36. Qh5 Qc7 37. g3 gxf4 38. Qf5+ Kg7 39. Qg4+ Kf8 40.
gxf4 Qd6 41. Qc8+ Kg7 42. Qf5 Qf6 0-1

[Event "Late-Titled-Tuesday-Blitz-October-03-2023"]
[Site "Chess.com"]
[Date "2023.10.03"]
[Round "1"]
[White "DucksParadise"]
[Black "Quattroporte300"]
[Result "1-0"]
[WhiteElo "2659"]
[BlackElo "2355"]
[TimeControl "180+1"]
[EndTime "14:05:47 PDT"]
[Termination "DucksParadise won by resignation"]

1. d4 Nf6 2. c4 b6 3. Nc3 Bb7 4. Qc2 d5 5. cxd5 Nxd5 6. e4 Nxc3 7. bxc3 e6 8. Nf3 Be7 9. Bf4 O-O 10. Bd3 c5 11. d5 exd5 12. exd5 Qxd5 13. O-O h6 14. Rfe1 Bf6 15. Be4 Qd7 16. Rad1 Qc8 17.
Bf5 Qc6 18. Rd6 Qb5 19. Bxh6 Nc6 20. Rxf6 gxf6 21. Bh7+ Kh8 22. Qf5 Rg8 23. Bxg8 Rxg8 24. Re8 1-0

[Event "Late-Titled-Tuesday-Blitz-October-03-2023"]
[Site "Chess.com"]
[Date "2023.10.03"]
[Round "1"]
[White "dcremisi"]
[Black "Mariia89"]
[Result "1/2-1/2"]
[WhiteElo "2509"]
[BlackElo "2047"]
[TimeControl "180+1"]
[EndTime "14:05:49 PDT"]
[Termination "Game drawn by repetition"]

1. d4 Nf6 2. c4 c5 3. Nf3 cxd4 4. Nxd4 Nc6 5. Nc3 g6 6. e4 Nxd4 7. Qxd4 d6 8. Bg5 Bg7 9. O-O-O O-O 10. Qd2 Re8 11. e5 Ng4 12. exd6 Qxd6 13. Nd5 Qa6 14. Kb1 Bf5+ 15. Ka1 Ne5 16. Nc7 Qc6 17. Nxa8 Rxa8 18.
Bxe7 Re8 19. Ba3 Nxc4 20. Bxc4 Qxc4 21. Rc1 Qa6 22. Rhe1 Ra8 23. Qe2 Qxa3 24. Qe8+ Qf8 25. Qb5 Rd8 26. Rcd1 Rc8 27. Rc1 Rd8 28. Rcd1 Rc8 29.
Rc1 Rd8 1/2-1/2

[Event "Late-Titled-Tuesday-Blitz-October-03-2023"]
[Site "Chess.com"]
[Date "2023.10.03"]
[Round "1"]
[White "Jospem"]
[Black "maksimys18"]
[Result "1-0"]
[WhiteElo "3042"]
[BlackElo "2505"]
[TimeControl "180+1"]
[EndTime "14:05:52 PDT"]
[Termination "Jospem won on time"]

1. e4 e6 2. d4 d5 3. Nd2 Nf6 4. e5 Nfd7 5. c3 c5 6. Ndf3 Nc6 7. Bd3 cxd4 8. cxd4 f6 9. exf6 Nxf6 10. Ne2 Bd6 11. O-O Qc7 12. Bg5 O-O 13. Bh4 Bd7 14. Bg3 Rae8 15. Nc3 e5 16. Nb5 Qb8 17. Nxd6 Qxd6 18. dxe5 Nxe5 19. Nxe5 Rxe5 20. Bxe5 Qxe5 21. Qe2 Qg5 22.
f4 Qh4 23. Rae1 a6 24. Qf2 Qh6 25. h3 Kh8 26. f5 Nh5 27. Qe3 Qf6 28. g4 d4 29. Qe7 Rf7 30. Qxf6 Nxf6 31. g5 Nd5 32. Bc4 1-0

[Event "Late-Titled-Tuesday-Blitz-October-03-2023"]
[Site "Chess.com"]
[Date "2023.10.03"]
[Round "1"]
[White "Sjakkerntobi"]
[Black "Gyulamiryan-koryun"]
[Result "1-0"]
[WhiteElo "2519"]
[BlackElo "1988"]
[TimeControl "180+1"]
[EndTime "14:05:52 PDT"]
[Termination "Sjakkerntobi won by resignation"]

1. e4 e5 2. Nf3 Nc6 3. Bc4 Nf6 4. d3 Be7 5. O-O O-O 6. Nc3 d5 7. Nxd5 Nxd5 8. exd5 Na5 9. Nxe5 Bd6 10. Nf3 Bg4 11.
h3 Bh5 12. Bb5 Qf6 13. c4 c6 14. dxc6 bxc6 15. Ba4 Rad8 16. Be3 Be5 17. d4 Bb8 18. c5 Nc4 19. Bb3 Nxb2 20. Qe2 Bxf3 21. Qxf3 Qxf3 22.
gxf3 Nd3 23. Rfd1 Nb4 24. Rab1 Nd5 25. Ba4 Nc3 26. Bxc6 Nxd1 27. Rxd1 a5 28. a4 f5 29. Bg5 Rc8 30. Bd7 Rc7 31. Be6+ Kh8 32. Rb1 Rc6 33. d5 Rxc5 34. Be7 Rfc8 35. Bxc5 Be5 36. Bxc8 1-0

[Event "Late-Titled-Tuesday-Blitz-October-03-2023"]
[Site "Chess.com"]
[Date "2023.10.03"]
[Round "1"]
[White "MasterKroket"]
[Black "BeanScreen"]
[Result "0-1"]
[WhiteElo "2391"]
[BlackElo "2706"]
[TimeControl "180+1"]
[EndTime "14:05:57 PDT"]
[Termination "BeanScreen won by resignation"]

1. e4 e5 2. Nf3 Nc6 3. d4 exd4 4. Nxd4 Bc5 5. Nb3 Bb6 6. Nc3 Nf6 7. Qe2 O-O 8. Bg5 h6 9. Bh4 a5 10. a4 Nd4 11.
Nxd4 Bxd4 12. f3 Re8 13. Qd3 Bxc3+ 14. Qxc3 Nxe4 15. Bxd8 Nxc3+ 16. Kd2 Ne4+ 17. fxe4 Rxd8 18. Bc4 d5 19. exd5 Be6 20. Rhe1 Bxd5 21. Bxd5 Rxd5+ 22. Kc3 Rad8 23. Re7 Rc5+ 24. Kb3 Rd2 25. c3 Rxg2 26. Rf1 f6 27. Rd1 Rxh2 28. Rg1 Rg5 29. Rd1 Rgg2 30. Rdd7 Rxb2+ 31. Kc4 Rhg2 32. Rxc7 h5 33. Re8+ Kh7 34. Rc5 Kg6 35. Rh8 Rg5 36. Rc7 Rg4+ 37. Kd3 h4 38. Rg8 Kh7 39. Rcc8 Rg3+ 40. Kc4 h3 41.
Rh8+ Kg6 42. Rh4 Kg5 43. Rch8 Rg4+ 44. Rxg4+ Kxg4 45. Rh7 g5 46. Kd5 h2 47. Ke6 f5 48.
c4 f4 49. c5 Kg3 50. c6 bxc6 0-1

[Event "Late-Titled-Tuesday-Blitz-October-03-2023"]
[Site "Chess.com"]
[Date "2023.10.03"]
[Round "1"]
[White "Ali_rastbod"]
[Black "KorolDimitriy75"]
[Result "1-0"]
[WhiteElo "2695"]
[BlackElo "2376"]
[TimeControl "180+1"]
[EndTime "14:05:58 PDT"]
[Termination "Ali_rastbod won by checkmate"]

1. e4 c5 2. Nf3 d6 3. Bb5+ Nd7 4. c4 Nf6 5. Nc3 g6 6. O-O Bg7 7. h3 O-O 8. Ba4 a6 9. d3 Rb8 10. Be3 Qa5 11. Bd2 Qc7 12. a3 b6 13. Rc1 Bb7 14.
b4 h6 15. Re1 e5 16. Nd5 Nxd5 17. cxd5 f5 18. Nh4 Kh7 19. exf5 g5 20. Ng6 Rxf5 21.
Ne7 Rf7 22. Nc6 Rbf8 23. f3 Nf6 24. bxc5 bxc5 25. Ba5 Qc8 26. Qb3 Nh5 27. Bd2 Nf4 28. Bxf4 exf4 29. Re6 Bxc6 30. dxc6 Bd4+ 31. Kh1 Rf6 32.
Re7+ Kg6 33. Qd5 h5 34. c7 g4 35. Bd7 Qxc7 36. Bf5+ Rxf5 37. Qe6+ R5f6 38. Qe4+ Kg5 39. Rxc7 gxh3 40. Rg7+ Kh6 41. Qh7# 1-0

[Event "Late-Titled-Tuesday-Blitz-October-03-2023"]
[Site "Chess.com"]
[Date "2023.10.03"]
[Round "1"]
[White "pedromartinez91"]
[Black "APOKALIPSA13"]
[Result "1-0"]
[WhiteElo "2542"]
[BlackElo "2162"]
[TimeControl "180+1"]
[EndTime "14:05:58 PDT"]
[Termination "pedromartinez91 won by resignation"]

1. d4 e5 2. dxe5 Nc6 3. Nf3 Qe7 4. Bf4 Qb4+ 5. Bd2 Qxb2 6. Nc3 Bb4 7. Rb1 Qxc3 8. Bxc3 Bxc3+ 9. Nd2 Bxe5 10. e3 Nf6 11. Bd3 O-O 12. O-O d5 13. c4 Rd8 14. Qc2 a5 15.
Nf3 Bd6 16. c5 Nb4 17. Rxb4 axb4 18. cxd6 cxd6 19. Rb1 Be6 20. Nd4 Rdc8 21. Qd2 Bd7 22. Rxb4 Ne4 23. Bxe4 Rxa2 24. Rb2 Rxb2 25. Qxb2 dxe4 26.
h3 b5 27. Qb4 Rc6 28. Kh2 Rc5 29. Qa5 Rc8 30. Nxb5 Bxb5 31. Qxb5 Kf8 32. Qd5 Re8 33. Qxd6+ Kg8 34. g4 h6 35. Kg3 Re6 36. Qxe6 fxe6 37.
Kf4 Kf7 38. Kxe4 Kf6 39. f4 g5 40. Kd4 Ke7 41. Ke5 Kf7 42. fxg5 hxg5 43. Kd6 Kf6 44.
e4 Kf7 45. e5 Kg6 46. Kxe6 Kh6 47. Kf5 Kh7 48. Kxg5 Kg7 49. Kf5 1-0

[Event "Late-Titled-Tuesday-Blitz-October-03-2023"]
[Site "Chess.com"]
[Date "2023.10.03"]
[Round "1"]
[White "josmito10"]
[Black "semchik73"]
[Result "0-1"]
[WhiteElo "2725"]
[BlackElo "2426"]
[TimeControl "180+1"]
[EndTime "14:05:59 PDT"]
[Termination "semchik73 won by resignation"]

1. e4 Nf6 2. Nc3 d5 3. d4 dxe4 4. f3 c5 5. d5 exf3 6. Nxf3 g6 7. Bd3 Bg7 8. Bg5 O-O 9. h4 Nxd5 10. h5 Nxc3 11.
bxc3 Bg4 12. hxg6 fxg6 13. Qe2 Bxc3+ 14. Kf2 Bxa1 15. Kg3 Bxf3 16. gxf3 Qd6+ 17. f4 Bf6 18.
Bh6 Bg7 19. Bg5 Nc6 20. Rxh7 Kxh7 21. Qh5+ Kg8 22. Bxg6 Rf6 23. Qh7+ Kf8 24. Bd3 Nd4 25. Bc4 Nf5+ 26. Kh3 Rh6+ 27. Bxh6 Qxh6+ 0-1

[Event "Late-Titled-Tuesday-Blitz-October-03-2023"]
[Site "Chess.com"]
[Date "2023.10.03"]
[Round "1"]
[White "ARTHURMOTIVATOR"]
[Black "SaqoChess_Twitch"]
[Result "0-1"]
[WhiteElo "2326"]
[BlackElo "2630"]
[TimeControl "180+1"]
[EndTime "14:06:02 PDT"]
[Termination "SaqoChess_Twitch won by resignation"]

1. e4 c5 2. b3 d6 3. Bb2 Nc6 4.
Bb5 Nf6 5. Bxc6+ bxc6 6. d3 e5 7. Ne2 Be7 8. O-O O-O 9. h3 a5 10. a4 Qc7 11. f4 exf4 12. Nxf4 Be6 13. Nd2 d5 14. Nh5 Nxh5 15. Qxh5 f6 16. Rae1 Bf7 17.
Qg4 Kh8 18. e5 d4 19. exf6 Bxf6 20. Ne4 Be7 21. Bc1 Bd5 22. Bf4 Qc8 23. Qg3 Qd8 24. Be5 Rg8 25. Rf4 Bxe4 26. Rfxe4 Qd5 27. h4 Raf8 28. h5 Bf6 29. Bd6 Rd8 30. Be5 Rdf8 31. h6 gxh6 32. Bxf6+ Rxf6 33. Re8 Rg6 34. Qf2 Rxg2+ 0-1

[Event "Late-Titled-Tuesday-Blitz-October-03-2023"]
[Site "Chess.com"]
[Date "2023.10.03"]
[Round "1"]
[White "MathiasCasalaspro"]
[Black "Russian_berezka"]
[Result "0-1"]
[WhiteElo "2340"]
[BlackElo "2641"]
[TimeControl "180+1"]
[EndTime "14:06:06 PDT"]
[Termination "Russian_berezka won by resignation"]

1. d4 g6 2. c4 Bg7 3. g3 c6 4. Bg2 d5 5. Nc3 Nf6 6. Nf3 O-O 7. O-O Bf5 8. Bf4 dxc4 9. Ne5 Nd5 10. e4 Nxf4 11. gxf4 Be6 12. a4 Nd7 13. d5 Nxe5 14. fxe5 Bd7 15. f4 Qb6+ 16. Rf2 Rad8 17. a5 Qe3 18.
Qd2 Qxd2 19. Rxd2 f6 20. e6 Bc8 21. f5 Bh6 22. Re2 Bf4 23. Ra4 b5 24. axb6 axb6 25. Rxc4 Ba6 26. b3 Be5 27. Rxc6 Bxc3 28. Rc2 Be5 29.
Kh1 Rb8 30. b4 Bb5 31. Rc8 Rfxc8 0-1

[Event "Late-Titled-Tuesday-Blitz-October-03-2023"]
[Site "Chess.com"]
[Date "2023.10.03"]
[Round "1"]
[White "GMG"]
[Black "RCone"]
[Result "1-0"]
[WhiteElo "2759"]
[BlackElo "2419"]
[TimeControl "180+1"]
[EndTime "14:06:07 PDT"]
[Termination "GMG won on time"]

1. d4 d6 2. Nf3 Nf6 3. g3 g6 4. Bg2 Bg7 5. c4 O-O 6. Nc3 Nc6 7. O-O a6 8. Bf4 Rb8 9. Rc1 Bd7 10. Qd2 b5 11.
Nd5 Ne4 12. Qe3 f5 13. cxb5 axb5 14. Rfd1 e6 15. Nc3 Nxc3 16. Rxc3 b4 17. Rc2 b3 18. axb3 Nb4 19. Rcc1 Nd5 20. Qd3 Nxf4 21. gxf4 Bb5 22. Qc2 c6 23. Ng5 Qe7 24. Bxc6 Bxc6 25. Qxc6 Rxb3 26. Qc4 Rxb2 27. Nxe6 Rf6 28. Ng5+ Kh8 29.
Rc2 Rxc2 30. Qxc2 h6 31. Nf3 Re6 32. e3 Qb7 33. Kg2 g5 34. fxg5 hxg5 35. Qxf5 Rf6 36. Qg4 Qd5 37. Rc1 Bh6 38. Rc8+ Kg7 39. Rc7+ 1-0

[Event "Late-Titled-Tuesday-Blitz-October-03-2023"]
[Site "Chess.com"]
[Date "2023.10.03"]
[Round "1"]
[White "Korchmar_Vasiliy"]
[Black "Gogolev_Artemy"]
[Result "1-0"]
[WhiteElo "2713"]
[BlackElo "2395"]
[TimeControl "180+1"]
[EndTime "14:06:08 PDT"]
[Termination "Korchmar_Vasiliy won by resignation"]

1. e4 c5 2. d4 cxd4 3. Qxd4 Nc6 4. Qd3 g6 5. Nc3 Bg7 6. Nf3 Nf6 7. Be2 O-O 8. O-O d6 9. Nd5 Nd7 10. c3 Nc5 11.
Qc2 b6 12. Bg5 Bb7 13. b4 Ne6 14. Bh4 Re8 15. Rad1 Rc8 16. a3 Qd7 17. Qb1 Nc7 18. h3 Ne5 19. Nxe5 Bxe5 20. c4 Bg7 21. Bg4 Ne6 22.
f4 h5 23. Be2 Bxd5 24. exd5 Nd4 25. Bd3 b5 26. cxb5 Nxb5 27. Bxb5 Qxb5 28. f5 Qc4 29. fxg6 fxg6 30. Qxg6 Qxh4 31. Rf7 Qd4+ 32. Rxd4 1-0

[Event "Late-Titled-Tuesday-Blitz-October-03-2023"]
[Site "Chess.com"]
[Date "2023.10.03"]
[Round "1"]
[White "ThePeacefulPanda"]
[Black "Alexei_Gubajdullin"]
[Result "0-1"]
[WhiteElo "2423"]
[BlackElo "2760"]
[TimeControl "180+1"]
[EndTime "14:06:10 PDT"]
[Termination "Alexei_Gubajdullin won by resignation"]

1. Nf3 Nf6 2. g3 g6 3. Bg2 Bg7 4. O-O O-O 5. d4 d6 6. a4 a5 7. b3 Na6 8. Bb2 c6 9. Nbd2 Bf5 10. Nh4 Bd7 11. e4 Qc8 12. Re1 Bh3 13. Bh1 Nb4 14. Ndf3 h6 15. c3 Na6 16. Qc2 Ng4 17. Ng2 g5 18. Rad1 c5 19. d5 c4 20. Nd4 cxb3 21.
Qxb3 Nc5 22. Qc2 Ne5 23. Ne3 Bd7 24. Nef5 Bxa4 25. Nxe7+ Kh8 26. Nxc8 Bxc2 27. Nxc2 Rfxc8 28. Nd4 Nc4 29. Bc1 a4 30. Bg2 a3 31. Bf1 a2 32.
Nc2 b5 33. Bxc4 bxc4 34. Bd2 Nb3 35. Na1 0-1

[Event "Late-Titled-Tuesday-Blitz-October-03-2023"]
[Site "Chess.com"]
[Date "2023.10.03"]
[Round "1"]
[White "Rozhkov_V"]
[Black "alexrustemov"]
[Result "0-1"]
[WhiteElo "2443"]
[BlackElo "2840"]
[TimeControl "180+1"]
[EndTime "14:06:11 PDT"]
[Termination "alexrustemov won on time"]

1. c4 c5 2. g3 g6 3. Bg2 Bg7 4. Nc3 Nc6 5. e3 Bxc3 6. dxc3 d6 7. Ne2 Qc7 8. h4 Nf6 9. Nf4 e6 10. h5 g5 11. Nd3 g4 12. h6 b6 13. e4 Rg8 14. Bf4 Bb7 15. Qa4 Nd7 16. O-O-O O-O-O 17. Rh5 Na5 18. Rg5 Bc6 19. Qc2 Nxc4 20. Qe2 Rxg5 21.
Bxg5 Rg8 22. Qxg4 f5 23. Qh4 fxe4 24. Nf4 Nde5 25. Nxe6 Qf7 26. Bh3 Bd7 27. Nf4 Bxh3 28. Qxh3+ Kb7 29. Bh4 Nd3+ 30. Nxd3 exd3 31. Qh1+ Kc7 32.
b3 Qxf2 0-1

[Event "Late-Titled-Tuesday-Blitz-October-03-2023"]
[Site "Chess.com"]
[Date "2023.10.03"]
[Round "1"]
[White "AsaHoffmann"]
[Black "tdf98pantani"]
[Result "0-1"]
[WhiteElo "2376"]
[BlackElo "2698"]
[TimeControl "180+1"]
[EndTime "14:06:11 PDT"]
[Termination "tdf98pantani won by resignation"]

1. d4 Nf6 2. Bg5 d5 3. Nd2 e6 4. e3 Be7 5. Bd3 b6 6. f4 Bb7 7.
Ngf3 Ne4 8. Bxe7 Qxe7 9. Bxe4 dxe4 10. Ne5 O-O 11. O-O f6 12. Ng4 c5 13. c3 Nd7 14.
Qe2 Rac8 15. a4 a6 16. Rac1 a5 17. b3 Rc7 18. Nc4 Ba6 19. Qe1 Rfc8 20. f5 exf5 21. Rxf5 cxd4 22. exd4 Bxc4 23. bxc4 Rxc4 24. Ne3 R4c6 25.
Qg3 Rxc3 26. Rcf1 Rd3 27. Qg4 Rxe3 28. h4 Re8 29. h5 h6 30. Rb5 Qd6 31. Qg6 Re7 32.
Rff5 Rd3 33. Rbd5 Qg3 34. Qxg3 Rxg3 35. Kf2 Rd3 36. Rd6 e3+ 37. Ke2 Rd2+ 38. Ke1 e2 39.
Rxd7 Rd1+ 0-1